 Dungeon Crawl Stone Soup version 0.23-a0-319-gb40ba49 (webtiles) character file.

17074 namelastname112 the Black Sun (level 12, -19/104 (105) HPs)
             Began as a Red Draconian Wanderer on Oct 14, 2018.
             Was a High Priest of Kikubaaqudgha.
             Killed from afar by a storm dragon (23 damage)
             ... with a bolt of lightning
             ... on level 11 of the Dungeon.
             The game lasted 00:26:37 (12715 turns).

namelastname112 the Black Sun (DrWn)               Turns: 12715, Time: 00:26:37

HP:   -19/104 (105) AC: 13    Str: 15    XL:     12   Next: 15%
MP:   28/31         EV: 16    Int: 16    God:    Kikubaaqudgha [*****.]
Gold: 678           SH:  0    Dex: 12    Spells: 12/25 levels left

rFire    + . .     SeeInvis .   G - +3 quarterstaff (chaos)
rCold    . . .     Gourm    .   (shield currently unavailable)
rNeg     . . .     Faith    +   (armour unavailable)
rPois    .         Spirit   .   (helmet restricted)
rElec    .         Reflect  .   H - +2 cloak {+Inv}
rCorr    .         Harm     .   (no gloves)
MR       .....                  (no boots)
Stlth    ++........             j - amulet of faith
HPRegen  0.27/turn              v - ring of magical power
MPRegen  0.22/turn              A - +2 ring of protection

@: no status effects
A: breathe fire, unfitting armour, fire resistance 1, cold-blooded, AC +8
a: Breathe Fire, Receive Corpses, Torment, Renounce Religion, Evoke Invisibility


You were on level 11 of the Dungeon.
You worshipped Kikubaaqudgha.
Kikubaaqudgha was extremely pleased with you.
You were not hungry.

You visited 1 branch of the dungeon, and saw 11 of its levels.
You also visited: Ossuary.

You collected 678 gold pieces.

Inventory:

Hand Weapons
 G - a +3 quarterstaff of chaos (weapon)
Missiles
 n - 6 curare-tipped needles
 E - 5 throwing nets (quivered)
Armour
 f - a +0 cloak
 l - a scarf of spirit shield
 H - a +2 cloak of invisibility (worn)
 M - a scarf of spirit shield
Jewellery
 j - an amulet of faith (around neck)
 v - a ring of magical power (left hand)
 x - an uncursed ring of resist corrosion
 A - a +2 ring of protection (right hand)
Wands
 o - a wand of disintegration (32)
 s - a wand of polymorph (17)
 D - a wand of flame (22)
 K - a wand of random effects (48)
 N - a wand of acid (6)
Scrolls
 b - 4 scrolls of blinking
 c - 4 scrolls of enchant armour
 e - 5 scrolls of remove curse
 h - 3 scrolls of fog
 m - 3 scrolls of teleportation
 y - 3 scrolls of magic mapping
 I - 2 scrolls of amnesia
Potions
 a - a potion of might
 g - 2 potions of haste
 i - 2 potions of agility
 k - 5 potions of mutation
 p - 5 potions of heal wounds
 q - 3 potions of flight
 r - a potion of berserk rage
 t - 3 potions of lignification
 u - 5 potions of curing
 w - a potion of cancellation
 z - 2 potions of brilliance
 B - a potion of resistance
 C - 2 potions of ambrosia
Comestibles
 d - 21 rations
 F - 5 chunks of flesh


   Skills:
 + Level 9.4 Fighting
 + Level 7.9 Staves
 + Level 7.6 Dodging
 - Level 1.0 Stealth
 + Level 7.3 Spellcasting
 + Level 4.5 Charms
 * Level 10.8 Necromancy
   Level 3.0 Poison Magic
 - Level 1.0 Evocations


You had 12 spell levels left.
You knew the following spells:

 Your Spells              Type           Power        Failure   Level  Hunger
a - Animate Skeleton      Necr           N/A          1%          1    None
c - Animate Dead          Necr           N/A          1%          4    ####...
d - Regeneration          Chrm/Necr      ####......   1%          3    ##.....
f - Dispel Undead         Necr           #####...     3%          5    #####..

Your spell library contained the following spells:

 Spells                   Type           Power        Failure   Level  Hunger
 Pain                     Necr           ####         1%          1    None
 Sublimation of Blood     Necr           #####.....   1%          2    None
 Sting                    Conj/Pois      ##..         7%          1    None
 Corona                   Hex            #......      12%         1    None
 Flame Tongue             Conj/Fire      #....        12%         1    None
 Sandblast                Erth           #.....       12%         1    None
 Excruciating Wounds      Chrm/Necr      ####......   14%         5    #####..
 Ensorcelled Hibernation  Hex/Ice        #.....       19%         2    None
 Throw Flame              Conj/Fire      #.....       19%         2    None
 Spider Form              Tmut/Pois      ##........   21%         3    ##.....
 Bolt of Draining         Conj/Necr      ###.......   34%         5    #####..
 Borgnjor's Vile Clutch   Necr/Erth      ###.......   34%         5    #####..
 Confuse                  Hex            #.......     36%         3    ##.....
 Conjure Flame            Conj/Fire      #.......     36%         3    ##.....
 Dazzling Spray           Conj/Hex       #.....       36%         3    ##.....
 Inner Flame              Hex/Fire       #.......     36%         3    ##.....
 Stone Arrow              Conj/Erth      #.....       36%         3    ##.....
 Tukima's Dance           Hex            #.......     36%         3    ##.....
 Sticky Flame             Conj/Fire      #.......     77%         4    ####...
 Fireball                 Conj/Fire      #.........   98%         5    #####..


Dungeon Overview and Level Annotations

Branches:
Dungeon (11/15)            Temple (0/1) D:4            Lair (0/6) D:11
    Orc (0/2) D:9

Altars:
Ashenzari
Cheibriados
Gozag
Hepliaklqana
Kikubaaqudgha
Ru
Trog
Wu Jian
Xom
Zin
The Shining One

Shops:
D:10 :

Annotations:
D:4 2 transporters
D:6 3 runed doors, tsouns's ghost, novice OpWn
D:11 1 exclusion


Innate Abilities, Weirdness & Mutations

You can breathe blasts of fire.
Your fiery red scales are hard. (AC +8)
You cannot fit into any form of body armour.
Your flesh is heat resistant. (rF+)
You are cold-blooded and may be slowed by cold attacks.


Message History

Your fire dragon skeleton tramples the storm dragon but does no damage.
The storm dragon breathes lightning at you.
The bolt of lightning hits your fire dragon skeleton.
Your fire dragon skeleton is destroyed!
The bolt of lightning hits you!
You take 27 damage, and have 37/104 hp.
MASSIVE DAMAGE!!
Unknown command.
Unknown command.
Unknown command.
Unknown command.
Unknown command.
Unknown command.
The storm dragon breathes lightning at you.
The bolt of lightning hits you!
* * * LOW HITPOINT WARNING * * *
You take 33 damage, and have 4/104 hp.
MASSIVE DAMAGE!!
The storm dragon breathes lightning at you.
The bolt of lightning hits you!
You die...
Kikubaaqudgha rasps: "You have failed me!
Welcome... death!"

..#...######## ..#...#......#
.##..#######.# ####### # ...# #.#
#...... ...## #.######### #.#####
...## #.....Z...# #.# ..# ###
#########.# #.# ##
#.############Z######.#####
#######..D......@..#.#..).)......
........##########.#.#.####.#####
##.##...# #.....####># ##)##...#
###........# ######..# ###.###..#
##.##..## ##########.###).#
##.##(.# #......)....##..#
)Z..(..# #.########.###..#
######## #.# #......#


You could see a storm dragon.

Vanquished Creatures
  A hydra (D:9)
  A two-headed ogre (D:11)
  A death knight (D:11)
  A centaur warrior (D:11)
  Urug (D:11)
  2 flayed ghosts (D:11)
  A deep elf mage (D:11)
  A cyclops (D:11)
  2 ugly things (D:11)
  Maurice (D:11)
  Psyche (D:8)
  Joseph (D:7)
  2 centaur skeletons
  An efreet (D:11)
  A troll (D:11)
  A merfolk (D:9)
  A wind drake (shapeshifter) (D:11)
  Grinder (D:6)
  A hornet (D:10)
  A hippogriff (D:8)
  Eustachio (D:6)
  3 yaks (D:11)
  6 wyverns
  A basilisk (D:11)
  Menkaure (D:7)
  Duvessa (D:5)
  6 orc warriors
  A sky beast (D:10)
  A swamp drake (D:11)
  5 ice beasts
  3 black bears
  An eye of draining (D:10)
  A necrophage (D:11)
  2 ogres
  2 phantoms
  2 centaurs
  A big kobold (D:11)
  5 bullfrogs
  4 scorpions
  5 killer bees (D:10)
  6 howler monkeys
  2 crimson imps
  6 bullfrog zombies
  3 centaur zombies
  2 quasits
  4 jellies
  2 bullfrog skeletons
  A gnoll shaman (D:10)
  10 orc priests
  4 hounds
  9 orc wizards
  Crazy Yiuf (D:7)
  9 iguanas
  18 mummies (Ossuary)
  12 worker ants
  A killer bee zombie (D:9)
  5 hound zombies
  2 howler monkey zombies (Ossuary)
  4 worker ant zombies
  4 gnolls (D:10)
  A howler monkey skeleton (D:8)
  9 adders
  A shadow imp (D:5)
  3 oozes
  3 adder zombies
  6 worms
  2 dart slugs
  3 leopard geckos
  43 orcs
  2 ball pythons
  11 bats
  5 giant cockroaches
  6 goblins
  3 hobgoblins (D:1)
  8 jackals
  9 kobolds
  4 quokkas
  A ball python skeleton (D:4)
  4 frilled lizards
  A giant cockroach zombie (Ossuary)
  2 jackal zombies
  6 rats
313 creatures vanquished.

Vanquished Creatures (collateral kills)
  A fire dragon (D:11)
  A cyclops (D:11)
  An orc warrior (D:10)
  A necrophage (D:11)
  An ogre (D:11)
  A centaur (D:9)
  A big kobold (D:11)
  A centaur zombie (D:10)
  An iguana (D:4)
  An orc (D:10)
  3 jackals (D:4)
  3 kobolds (D:11)
16 creatures vanquished.

Vanquished Creatures (others)
  A wyvern (D:11)
  2 fungi (D:6)
  2 plants (D:6)
5 creatures vanquished.

Grand Total: 334 creatures vanquished

Notes
Turn   | Place    | Note
-------+----------+-------------------------------------------
     0 | D:1      | namelastname112 the Draconian Wanderer began the quest for
                  | the Orb.
     0 | D:1      | namelastname112 set off with: a +2 quarterstaff, a ration
     0 | D:1      | Reached XP level 1. HP: 17/17 MP: 3/3
   148 | D:1      | Reached skill level 1 in Dodging
   148 | D:1      | Reached XP level 2. HP: 24/25 MP: 5/5
   562 | D:1      | Reached XP level 3. HP: 21/31 MP: 6/6
   794 | D:2      | Found an ornate altar of the Wu Jian Council.
  1326 | D:3      | Found an opulent altar of Gozag.
  1426 | D:3      | Reached XP level 4. HP: 39/40 MP: 7/7
  1646 | D:3      | Found a faded altar of an unknown god.
  1669 | D:3      | Became a worshipper of Kikubaaqudgha
  1669 | D:3      | Reached * piety under Kikubaaqudgha
  1669 | D:3      | Identified Kikubaaqudgha's Handbook of Sinister Rites
                  | (Kikubaaqudgha gifted it to you on level 3 of the Dungeon)
  1669 | D:3      | Received a gift from Kikubaaqudgha
  1675 | D:3      | Learned a level 3 spell: Regeneration
  1932 | D:3      | Reached XP level 5. HP: 39/46 MP: 8/8
  1994 | D:3      | Learned a level 1 spell: Animate Skeleton
  2061 | D:4      | Found a transporter.
  2080 | D:4      | Reached skill level 1 in Necromancy
  2156 | D:4      | Found a glowing silver altar of Zin.
  2299 | D:4      | Reached skill level 2 in Necromancy
  2657 | D:4      | Reached XP level 6. HP: 34/53 MP: 5/9
  3035 | D:4      | Found a staircase to the Ecumenical Temple.
  3042 | D:4      | Reached skill level 3 in Necromancy
  3069 | D:4      | Found a transporter.
  3121 | D:4      | Reached skill level 5 in Fighting
  3204 | D:4      | Your scales start taking on a fiery red colour.
  3204 | D:4      | Reached XP level 7. HP: 37/61 MP: 8/11
  3204 | D:4      | Gained mutation: Your flesh is heat resistant. (rF+) [Red
                  | Draconian growth]
  3343 | D:5      | Entered Level 5 of the Dungeon
  3383 | D:5      | Found a sand-covered staircase.
  3403 | Ossuary  | Entered an ossuary
  3546 | Ossuary  | Reached ** piety under Kikubaaqudgha
  3555 | Ossuary  | Reached skill level 4 in Necromancy
  4143 | Ossuary  | Reached XP level 8. HP: 63/70 MP: 13/13
  4165 | Ossuary  | Reached skill level 5 in Necromancy
  4481 | D:5      | Reached *** piety under Kikubaaqudgha
  4481 | D:5      | Identified Kikubaaqudgha's Volume of Black Magic
                  | (Kikubaaqudgha gifted it to you on level 5 of the Dungeon)
  4481 | D:5      | Received a gift from Kikubaaqudgha
  4748 | D:5      | Learned a level 4 spell: Animate Dead
  4919 | D:5      | Found a snail-covered altar of Cheibriados.
  4989 | D:5      | Found a glowing golden altar of the Shining One.
  5057 | D:5      | Noticed Duvessa
  5064 | D:5      | Noticed Dowan
  5073 | D:5      | Killed Duvessa
  5073 | D:5      | Reached skill level 6 in Necromancy
  5079 | D:5      | Noticed Dowan
  5079 | D:5      | Dowan changed into Dowan the jelly
  5093 | D:5      | Killed Dowan the jelly
  5545 | D:6      | Noticed Eustachio
  5574 | D:6      | Killed Eustachio
  5648 | D:6      | Reached XP level 9. HP: 45/78 MP: 15/15
  5665 | D:6      | Reached skill level 5 in Dodging
  5929 | D:6      | Found a runed gate.
  5929 | D:6      | Noticed a kobold demonologist
  5929 | D:6      | Noticed tsouns's ghost (novice OpWn)
  5930 | D:6      | Found a runed gate.
  5930 | D:6      | Found a runed gate.
  5975 | D:6      | Found a sacrificial altar of Ru.
  5995 | D:6      | Got a fine flail
  5996 | D:6      | Identified the cursed +0 flail "Iklyto" {protect, rC+} (You
                  | found it on level 6 of the Dungeon)
  6314 | D:6      | Noticed Grinder
  6320 | D:6      | Killed Grinder
  6401 | D:6      | Learned a level 5 spell: Dispel Undead
  6700 | D:7      | Noticed Menkaure
  6709 | D:7      | Killed Menkaure
  6767 | D:7      | Reached skill level 7 in Necromancy
  6778 | D:7      | Reached skill level 5 in Spellcasting
  6782 | D:7      | Noticed Joseph
  6793 | D:7      | Killed Joseph
  6793 | D:7      | Reached skill level 5 in Staves
  6878 | D:7      | Reached **** piety under Kikubaaqudgha
  7194 | D:7      | Found a runed door.
  7198 | D:7      | Noticed Crazy Yiuf
  7203 | D:7      | Killed Crazy Yiuf
  7816 | D:8      | Noticed Psyche
  7821 | D:8      | Killed Psyche
  7821 | D:8      | Reached XP level 10. HP: 86/86 MP: 18/18
  8210 | D:8      | Reached skill level 8 in Necromancy
  8336 | D:8      | Found a shimmering altar of Xom.
  8336 | D:8      | Found a hazy altar of Hepliaklqana.
  8344 | D:8      | Found a shattered altar of Ashenzari.
  8458 | D:8      | Found a snail-covered altar of Cheibriados.
  9079 | D:9      | Found a staircase to the Orcish Mines.
  9180 | D:9      | Reached skill level 1 in Charms
  9528 | D:9      | Noticed a six-headed hydra
  9554 | D:9      | Killed a six-headed hydra
  9830 | D:10     | Entered Level 10 of the Dungeon
  9890 | D:10     | Reached skill level 9 in Necromancy
  9935 | D:10     | Reached ***** piety under Kikubaaqudgha
  9985 | D:10     | Found Ikyr's Book Emporium.
 10073 | D:10     | Reached XP level 11. HP: 32/94 MP: 20/20
 10400 | D:10     | Found a bloodstained altar of Trog.
 10635 | D:11     | Noticed a brown ugly thing
 10640 | D:11     | Killed a brown ugly thing
 10770 | D:11     | Noticed Maurice
 10777 | D:11     | Killed Maurice
 10839 | D:11     | Found a staircase to the Lair.
 10956 | D:11     | Noticed a two-headed ogre
 10962 | D:11     | Killed a two-headed ogre
 11349 | D:11     | Reached skill level 10 in Necromancy
 11464 | D:11     | Noticed a white ugly thing
 11470 | D:11     | Killed a white ugly thing
 11697 | D:11     | Noticed a death knight
 11724 | D:11     | Killed a death knight
 12311 | D:11     | Noticed a centaur warrior
 12326 | D:11     | Killed a centaur warrior
 12355 | D:11     | Got a faintly glowing battleaxe
 12356 | D:11     | Identified the cursed +1 battleaxe of the World {chop, +Inv
                  | rElec Int-3 Stlth+} (You found it on level 11 of the
                  | Dungeon)
 12369 | D:11     | Noticed a deep elf mage
 12374 | D:11     | Killed a deep elf mage
 12413 | D:11     | Noticed Urug
 12436 | D:11     | Killed Urug
 12489 | D:11     | Noticed a flayed ghost
 12495 | D:11     | Killed a flayed ghost
 12495 | D:11     | Reached XP level 12. HP: 101/103 MP: 13/22
 12496 | D:11     | Noticed a seven-headed hydra
 12497 | D:11     | Noticed a storm dragon
 12601 | D:11     | Noticed a fire dragon
 12604 | D:11     | Noticed a fire giant
 12637 | D:11     | Killed a fire dragon
 12713 | D:11     | HP: 4/104 [storm dragon/bolt of lightning (34)]
 12715 | D:11     | Killed from afar by a storm dragon

Vault maps used:
D:1:      dpeg_arrival_court, chequers_serial_rivers_small_3,
          minmay_misc_feat_tower
D:2:      old_standard_altar
D:3:      grunt_gozag_breadcrumbs, first_ration,
          chequers_ecumenical_altar_simple, hangedman_abyss_or_decor_stabs,
          minmay_statues_item
D:4:      gammafunk_wand_slinger, zin_treasury, minmay_temple_entry_junction
D:5:      tso_altar, cheibrodos_worm_habitat, enter_ossuary_3, uniq_duvessa
D:6:      nicolae_ru_great_annihilating_truth, gammafunk_ghost_nasty_kobolds,
          st_stairs_13, uniq_grinder, uniq_eustachio
D:7:      uniq_crazy_yiuf_cottage, uniq_menkaure, uniq_joseph
D:8:      gammafunk_temple_overflow_forgotten, basic_altar, uniq_psyche
D:9:      david_orc_2, hangedman_fish_farm, grunt_decor_arrowhead, st_stairs_12
D:10:     serial_shops, shop, lemuel_tele_altar
D:11:     minmay_tile_spiral, erik_lair_dragon, uniq_urug, uniq_maurice
Ossuary:  ossuary_zaba_flooded

Skill      XL: |  1  2  3  4  5  6  7  8  9 10 11 |
---------------+----------------------------------+-----
Dodging        | 1 2 3 4 5 6 7 |  7.6
Fighting       | 3 4 5 6 7 8 9 |  9.4
Necromancy     | 2 3 4 6 7 9 10 | 10.8
Spellcasting   | 3 4 5 6 7 |  7.3
Staves         | 3 5 6 7 |  7.9
Charms         | 2 4 |  4.5
Stealth        | |  1.0
Poison Magic   | |  3.0
Evocations     | |  1.0

Action                   |  1- 3 |  4- 6 |  7- 9 | 10-12 || total
-------------------------+-------+-------+-------+-------++-------
Melee: Quarterstaff      |   107 |   194 |   447 |   478 ||  1226
       Tailslap          |     7 |    19 |    47 |    64 ||   137
 Cast: Animate Skeleton  |       |    12 |     1 |    12 ||    25
       Regeneration      |       |       |     2 |    32 ||    34
       Dispel Undead     |       |       |     1 |     5 ||     6
       Animate Dead      |       |       |       |    15 ||    15
Invok: Receive Corpses   |       |       |       |     5 ||     5
 Abil: Breathe Fire      |       |       |    11 |    16 ||    27
Evoke: Wand              |       |       |     2 |     5 ||     7
  Use: Potion            |       |     2 |       |       ||     2
       Scroll            |       |       |    19 |     6 ||    25
 Stab: Sleeping          |     2 |       |     4 |     3 ||     9
       Paralysed         |       |       |     1 |     6 ||     7
       Distracted        |       |       |       |     1 ||     1
  Eat: Chunk             |     2 |     5 |    13 |    11 ||    31
       Ration            |       |       |     2 |     5 ||     7
Armor: Skin              |    38 |    64 |   157 |   179 ||   438
Dodge: Dodged            |    90 |   165 |   296 |   377 ||   928

Table legend:
 A = Non-vault XP
 B = Vault XP
 C = Vault XP percentage of total XP
 D = Non-vault monster count
 E = Vault monster count
 F = Vault count percentage of total count
                 A         B        C        D         E       F
            +---------+---------+-------+---------+---------+-------
      Total |   13532 |   10860 |  44.5 |     257 |      73 |  22.1
            +---------+---------+-------+---------+---------+-------
        D:1 |      44 |       0 |   0.0 |      21 |       0 |   0.0
        D:2 |      27 |       0 |   0.0 |      10 |       0 |   0.0
        D:3 |     126 |       0 |   0.0 |      23 |       0 |   0.0
        D:4 |     573 |       0 |   0.0 |      30 |       0 |   0.0
        D:5 |     757 |     202 |  21.1 |      26 |       3 |  10.3
        D:6 |     524 |     576 |  52.4 |      16 |       7 |  30.4
        D:7 |     774 |     650 |  45.6 |      12 |       3 |  20.0
        D:8 |    1008 |     454 |  31.1 |      18 |       1 |   5.3
        D:9 |    1835 |     741 |  28.8 |      18 |       8 |  30.8
       D:10 |    2472 |       0 |   0.0 |      44 |       0 |   0.0
       D:11 |    5392 |    7426 |  57.9 |      39 |      17 |  30.4
    Ossuary |       0 |     811 | 100.0 |       0 |      34 | 100.0
            +---------+---------+-------+---------+---------+-------
